Map: Catalyst LE

Players

Dutchkid

  • Race: Zerg Zerg
  • League: Diamond
  • Spawn Location: 11:00

Pandemic - Winner!

  • Race: Terran Terran
  • League: Diamond
  • Spawn Location: 5:00

VOD

Have the link to the VOD?

Description

Time

  • Played on: March 27, 2018, 5:43 a.m.
  • Length: 12:32
Show
View Real Time Build Order
Export as new Build Order

Dutchkid Zerg 

Build Orders: Hatch First, Muta Ling Bane 

Get SALT Encoding   

  12  0:01  Drone  
  13  0:12  Overlord  
  13  0:19  Drone  
  14  0:31  Drone x2  
  14  0:34  Drone  
  17  0:55  Hatchery  
  16  0:58  Drone x2  
  16  1:02  Extractor  
  17  1:14  Spawning Pool  
  17  1:17  Drone  
  17  1:21  Drone  
  18  1:28  Drone  
  19  1:38  Overlord  
  19  1:50  Drone  
  20  2:01  Queen  
  20  2:04  Metabolic Boost  
  20  2:08  Zergling x2  
  23  2:11  Queen  
  23  2:13  Zergling x2  
  23  2:15  Drone  
  27  2:33  Extractor  
  27  2:36  Drone x4  
  30  2:50  Hatchery  
  30  2:53  Queen  
  30  2:55  Queen  
  34  3:00  Overlord  
  34  3:02  Drone  
  34  3:04  Drone  
  36  3:18  Drone x4  
  40  3:29  Drone  
  40  3:30  Drone x3, Overlord x2  
  42  3:40  Drone  
  43  3:41  Extractor  
  43  3:42  Drone  
  43  3:48  Drone  
  44  4:04  Queen  
  44  4:05  Queen  
  44  4:06  Queen  
  44  4:08  Drone  
  44  4:09  Drone x2  
  53  4:12  Zergling x4  
  53  4:13  Zergling x10, Evolution Chamber  
  59  4:21  Spore Crawler  
  59  4:23  Spore Crawler  
  57  4:30  Extractor  
  56  4:32  Baneling Nest  
  56  4:33  Drone x6  
  61  4:47  Zerg Melee Weapons Level 1  
  61  4:55  Zergling x2  
  61  4:56  Zergling x6  
  61  4:58  Overlord x3  
  65  5:07  Spore Crawler  
  65  5:08  Lair  
  65  5:11  Drone  
  65  5:16  Drone x2  
  65  5:18  Drone x3  
  65  5:20  Extractor  
  62  5:32  Zergling x2  
  62  5:33  Zergling x16  
  63  5:40  Queen x2  
  62  5:48  Drone  
  62  5:49  Drone x5  
  62  5:57  Zergling x6  
  64  6:09  Spire  
  64  6:10  Drone x2  
  64  6:11  Drone  
  66  6:13  Extractor  
  66  6:15  Extractor  
  64  6:23  Drone x3  
  64  6:24  Drone x2  
  69  6:29  Drone  
  70  6:33  Centrifical Hooks  
  70  6:36  Overlord x3  
  70  6:39  Evolution Chamber  
  69  6:54  Drone x9  
  78  7:03  Spore Crawler  
  77  7:10  Zerg Ground Armor Level 1, Zerg Melee Weapons Level 2  
  77  7:12  Zergling x2  
  77  7:13  Zergling x18  
  87  7:15  Baneling  
  87  7:16  Baneling x5  
  87  7:24  Mutalisk x3  
  87  7:26  Mutalisk  
  95  7:38  Zergling x18  
  95  7:39  Zergling x2  
  99  7:53  Zergling x2  
  99  7:54  Zergling x8  
  102  7:59  Overlord x3  
  102  8:12  Mutalisk  
  102  8:15  Hatchery  
  102  8:19  Mutalisk x7  
  105  8:25  Drone  
  118  8:27  Zerg Flyer Weapons Level 1  
  118  8:28  Mutalisk x2  
  120  8:40  Pneumatized Carapace  
  119  8:46  Zergling x2  
  119  8:47  Zergling x20  
  130  8:54  Overlord x2  
  123  9:05  Zergling x2  
  123  9:06  Zergling x10  
  121  9:15  Zergling x2  
  121  9:16  Zergling x6  
  106  9:29  Baneling x3  
  106  9:30  Baneling x4  
  88  9:33  Zergling x14  
  88  9:34  Zergling x4  
  88  9:35  Baneling x7  
  73  9:43  Zergling x10  
  65  10:00  Mutalisk  
  65  10:01  Mutalisk x2  
  68  10:12  Drone x5  
  73  10:18  Mutalisk x2  
  77  10:25  Queen  
  79  10:34  Zergling x6  
  82  10:36  Baneling x3  
  82  10:37  Baneling x10  
  82  10:42  Hatchery  
  81  10:52  Zergling x2, Infestation Pit  
  81  10:53  Zergling x4  
  79  11:11  Zergling x22  
  78  11:12  Zergling x2  
  89  11:33  Zergling x16  
  94  11:44  Zergling x4  
  78  11:50  Extractor  
  78  11:51  Extractor  
  76  11:59  Zergling x18  
Show
View Real Time Build Order
Export as new Build Order

Pandemic Terran - Winner!

Build Orders: Reaper Expand, MMM Bio 

Get SALT Encoding   

  12  0:00  SCV  
  13  0:12  SCV  
  14  0:17  Supply Depot  
  14  0:24  SCV  
  15  0:39  SCV, Barracks  
  16  0:43  Refinery  
  16  0:51  SCV  
  17  1:03  SCV  
  18  1:15  SCV  
  19  1:27  Reaper  
  19  1:28  Orbital Command  
  20  1:43  Command Center  
  20  1:53  Barracks  
  20  1:57  SCV  
  20  2:00  Barracks Reactor  
  21  2:09  SCV  
  21  2:13  Supply Depot  
  22  2:16  Refinery  
  22  2:21  SCV  
  23  2:36  SCV  
  24  2:37  Marine x2  
  24  2:40  Barracks Tech Lab  
  24  2:43  Factory  
  26  2:48  SCV  
  26  2:55  Orbital Command  
  26  2:57  Marine  
  27  3:02  Stimpack  
  27  3:03  Marine  
  28  3:06  Marine  
  29  3:17  Marine  
  30  3:20  Marine  
  30  3:24  Marine  
  31  3:28  Starport, Factory Reactor  
  31  3:30  SCV  
  31  3:32  SCV  
  32  3:36  Marine  
  33  3:42  Marine  
  34  3:49  Marine  
  34  3:53  Supply Depot, SCV  
  34  3:54  Marine, SCV  
  38  3:59  Marine  
  39  4:09  Engineering Bay  
  40  4:11  Marine  
  40  4:14  Medivac  
  42  4:17  Medivac  
  42  4:20  SCV  
  42  4:22  Marine  
  42  4:23  Marine  
  47  4:27  SCV  
  48  4:35  Terran Infantry Weapons Level 1, Widow Mine  
  48  4:36  Marine  
  51  4:39  SCV x2  
  51  4:41  Marine  
  54  4:55  Supply Depot  
  54  5:06  Supply Depot  
  54  5:09  Barracks  
  54  5:16  Marine x3  
  54  5:17  SCV x2  
  54  5:29  SCV x2  
  54  5:34  Marine  
  53  5:36  Marine x2  
  53  5:41  SCV x2  
  56  5:49  Supply Depot  
  56  5:52  Supply Depot, Marine  
  56  5:53  SCV  
  56  5:54  Marine x2  
  56  5:56  Medivac  
  56  5:57  Medivac  
  58  5:59  Barracks Reactor  
  58  6:02  SCV  
  58  6:04  Barracks x2  
  55  6:06  Refinery  
  55  6:10  Marine  
  56  6:11  Marine, Combat Shields  
  56  6:12  Marine  
  56  6:15  Supply Depot  
  58  6:28  Marine  
  58  6:29  Marine  
  58  6:32  Command Center  
  60  6:33  Marine  
  60  6:37  Medivac x2  
  60  6:38  Marine  
  66  6:40  Marine  
  66  6:45  Marine  
  68  6:47  Marine  
  68  6:48  Factory Tech Lab  
  68  6:50  Barracks Reactor  
  68  6:51  Marine, Barracks Tech Lab  
  70  6:55  Marine, Terran Infantry Armor Level 1  
  70  6:57  Marine  
  70  6:58  Engineering Bay  
  72  7:03  Marine, Armory  
  72  7:05  Marine  
  74  7:09  Marine x2  
  74  7:13  Marine  
  74  7:15  Marine  
  77  7:21  Marine  
  79  7:23  Marine  
  79  7:24  Refinery  
  79  7:26  Marine x2, SCV x2  
  79  7:27  Marine x2  
  86  7:31  Marine  
  87  7:38  SCV  
  72  7:52  Marine x2  
  72  7:53  Marine x3  
  72  7:54  Marine x3  
  73  8:03  SCV x2  
  75  8:10  Marine x3  
  75  8:11  Marine x2  
  75  8:12  Marine x3  
  82  8:15  SCV  
  82  8:16  SCV  
  85  8:27  SCV  
  85  8:28  Marine x3, SCV  
  85  8:33  Marine x3  
  87  8:43  Marine x2  
  87  8:44  Terran Infantry Weapons Level 2  
  89  8:49  Terran Infantry Armor Level 2, Planetary Fortress  
  89  8:54  SCV x2  
  89  8:55  Barracks x2  
  91  8:58  Marine x4, Barracks  
  95  9:08  Medivac x2  
  99  9:29  Marine x4  
  101  9:39  Marine  
  101  9:40  Marine x3  
  101  9:42  Barracks Tech Lab  
  101  9:44  Barracks Tech Lab x2  
  105  9:47  Marine  
  105  9:50  Marine x3  
  108  9:55  Medivac x2  
  80  10:01  Marine x3  
  80  10:02  Marine x2  
  80  10:03  Marauder x2  
  80  10:04  Marine  
  87  10:08  Marine x2  
  87  10:09  Marine  
  87  10:11  SCV  
  87  10:12  SCV x2  
  87  10:14  Concussive Shells  
  90  10:19  Marine x4  
  90  10:20  Marine  
  94  10:23  Marine  
  94  10:24  SCV  
  94  10:25  Medivac x2  
  100  10:30  Barracks  
  100  10:31  Terran Vehicle Weapons Level 1, Barracks, Siege Tank  
  100  10:33  SCV x2  
  105  10:35  Refinery  
  105  10:36  SCV  
  105  10:37  Refinery  
  105  10:39  Marauder  
  108  10:45  SCV  
  108  10:47  Supply Depot x2  
  108  10:48  Supply Depot  
  109  11:03  Marauder  
  109  11:08  Marine  
  109  11:09  SCV x2, Marauder x4  
  120  11:12  Marine x4  
  120  11:13  Marine  
  125  11:24  Marauder  
  127  11:26  Marine  
  127  11:30  Marine, Marauder x2  
  133  11:38  Marine  
  100  11:47  Marine x6  
  100  11:48  Marine  
  100  11:53  Marine x2  
  108  11:59  Supply Depot  
  108  12:00  Marine, Marauder  
  111  12:01  Supply Depot  
  111  12:03  Supply Depot, SCV  
  111  12:04  SCV  
  111  12:05  Marine x5  
  111  12:06  Marine, Marauder, SCV  
  122  12:11  Marine x2  
Tags
 
Add a new tag
Caveats
  • Supply blocks, unpowered buildings, or Contaminate may cause inaccurate times.
  • Supply counts are checked every 10 seconds.